 Dungeon Crawl Stone Soup version 0.18-a0-1390-gc02854d (webtiles) character file.

820 Ratboiler the Sneak (level 7, -5/67 HPs)
             Began as a Naga Wanderer on Feb 22, 2016.
             Was a Believer of Ru.
             Slain by a troll (6 damage)
             ... on level 6 of the Dungeon.
             The game lasted 00:16:03 (5717 turns).

Ratboiler the Sneak (Naga Wanderer)                 Turns: 5717, Time: 00:16:04

Health: -5/67      AC:  7    Str: 16      XL:     7   Next: 95%
Magic:  0/16       EV:  8    Int: 12      God:    Ru [**....]
Gold:   234        SH:  3    Dex:  9 (11) Spells: 0 memorised, 6 levels left

rFire  . . .     SeeInvis +     a - +2 scimitar (drain)
rCold  . . .     Gourm    .     c - +0 ring mail
rNeg   . . .     Faith    .     H - +0 buckler
rPois  +         Spirit   +     s - +0 helmet
rElec  .         Dismiss  .     (no cloak)
rCorr  .         Reflect  .     n - +0 pair of gloves
SustAt .         Harm     .     (no barding)
MR     .....                    G - amulet of guardian spirit (curse)
Stlth  +++.......               (no ring)
                                F - ring of magical power

@: short of breath, no scrolls, very slow, not resistant to hostile
enchantments, fairly stealthy
A: see invisible, deformed body, poison resistance, slowness 2, slow metabolism
1, spit poison 2, inability to read while threatened, no conjurations magic, no
hexes magic, no poison magic, AC +2
a: Spit Poison, Renounce Religion


You were on level 6 of the Dungeon.
You worshipped Ru.
Ru was pleased with you.
You were not hungry.

You visited 1 branch of the dungeon, and saw 6 of its levels.

You collected 354 gold pieces.
You spent 120 gold pieces at shops.

Inventory:

Hand Weapons
 a - a +2 scimitar of draining (weapon)
 b - a +0 hunting sling
 x - a +0 blowgun
Missiles
 e - 221 stones (quivered)
 j - 19 bolts
 w - 22 poisoned needles
Armour
 c - a +0 ring mail (worn)
 n - a +0 pair of gloves (worn)
 s - a +0 helmet (worn)
 H - a +0 buckler (worn)
Magical Staves
 C - an uncursed staff of power
Jewellery
 F - a ring of magical power (left hand)
 G - a cursed amulet of guardian spirit (around neck)
Wands
 y - a wand of iceblast (5/15)
 J - a wand of polymorph (13/24)
Scrolls
 h - 4 scrolls of blinking
 k - a scroll of noise
 l - 5 scrolls of remove curse
 o - a scroll of teleportation
 v - a scroll of enchant armour {unknown}
 B - 2 scrolls of recharging {unknown}
 D - a scroll of enchant weapon {unknown}
 I - a scroll of fear {unknown}
Potions
 f - a potion of flight
 g - a potion of resistance {unknown}
 i - 4 potions of heal wounds {unknown}
 m - 3 potions of cure mutation
 t - 2 potions of mutation {unknown}
 u - 2 potions of lignification
 z - 4 potions of curing {unknown}
 A - 2 potions of brilliance {unknown}
 E - 2 potions of degeneration {unknown}
Comestibles
 d - 6 bread rations
 p - 8 fruits
 q - a beef jerky
 r - a meat ration


   Skills:
 + Level 5.4 Fighting
 + Level 4.8 Long Blades
   Level 1.0 Crossbows
 - Level 1.0 Throwing
 - Level 1.0 Armour
 - Level 1.0 Dodging
 - Level 7.2 Stealth
 * Level 2.1 Shields
 - Level 1.0 Evocations


You had 6 spell levels left.
You didn't know any spells.

Dungeon Overview and Level Annotations

Branches:
Dungeon (6/15)             Temple (0/1) D:5

Altars:
Ashenzari
Fedhas
Nemelex Xobeh
Ru
Trog
Xom
The Shining One

Shops:
D:5 (


Innate Abilities, Weirdness & Mutations

You cannot wear boots.
Your serpentine skin is tough (AC +2).
You have supernaturally acute eyesight.
Armour fits poorly on your strangely shaped body.
Your system is resistant to poisons.
You cover ground very slowly.
You have a slow metabolism.
You can spit poison.
You cannot read scrolls while threatened.
You cannot study or cast Conjurations magic.
You cannot study or cast Hexes magic.
You cannot study or cast Poison magic.


Message History

The troll claws you.
Press: ? - help, Shift-Dir - straight line, f/p - quasit
Aim: a quasit The splash of poison hits the troll.
The troll is poisoned.
The troll is moderately wounded.
You feel slightly more hungry. The troll bites you! The troll claws you!
The troll claws you but does no damage.
You hit the troll. You drain the troll!
The troll is heavily wounded.
The troll bites you! The troll barely misses you. x2
You closely miss the troll.
The troll is heavily wounded.
The troll bites you!
* * * LOW HITPOINT WARNING * * *
The troll claws you.
* * * LOW HITPOINT WARNING * * *
The troll claws you!
* * * LOW HITPOINT WARNING * * *
The troll bites you.
You die...

......##........#
......#........#
##.........[..##
#.............#
#..............
####........##....
##....###...####...
#....## #..........
##@...# ##.........
##T##..##
#######...
###5#####.# ####
#...# ### # #...#
#...## ######
##...###....## .
#......>....# ..
##...........#


You could see a troll and a quasit.

Vanquished Creatures
  A black bear (D:6)
  A centaur (D:5)
  2 crimson imps
  A hound (D:5)
  A quasit (D:6)
  2 orc priests
  A centaur skeleton (D:4)
  2 orc wizards (D:6)
  A giant frog skeleton (D:6)
  An iguana (D:5)
  11 gnolls
  9 adders
  A shadow imp (D:5)
  2 oozes
  An adder zombie (D:5)
  4 worms
  A dart slug (D:1)
  4 giant geckos
  11 orcs
  5 bats
  6 giant cockroaches
  9 goblins
  12 hobgoblins
  6 jackals
  6 ball pythons
  A giant gecko skeleton (D:5)
  A giant gecko zombie (D:5)
  5 giant newts
  A jackal zombie (D:4)
  8 kobolds
  6 rats
123 creatures vanquished.

Notes
Turn   | Place    | Note
--------------------------------------------------------------
     0 | D:1      | Ratboiler the Naga Wanderer began the quest for the Orb.
     0 | D:1      | Ratboiler set off with: a +2 falchion, a potion of lignification, a +0 ring mail, a bread ration
     0 | D:1      | Reached XP level 1. HP: 21/21 MP: 1/1
    57 | D:1      | Found a sparkling altar of Nemelex Xobeh.
    87 | D:1      | Reached skill level 2 in Stealth
   227 | D:1      | Reached XP level 2. HP: 24/28 MP: 2/2
   679 | D:1      | Reached skill level 3 in Stealth
   816 | D:2      | Reached XP level 3. HP: 34/34 MP: 3/3
   884 | D:2      | Found a faded altar to an unknown god.
  1083 | D:2      | Became a worshipper of Ru the Awakened
  1093 | D:2      | Gained mutation: You cannot read scrolls while threatened. [Ru sacrifice]
  1093 | D:2      | Reached * piety under Ru
  1597 | D:2      | Reached skill level 4 in Stealth
  1597 | D:2      | Reached XP level 4. HP: 38/42 MP: 4/4
  2236 | D:2      | Reached XP level 5. HP: 50/50 MP: 5/5
  2244 | D:2      | Found a shimmering altar of Xom.
  2465 | D:3      | Found a bloodstained altar of Trog.
  3005 | D:4      | Reached skill level 5 in Stealth
  3057 | D:4      | You fall through a shaft for 2 floors!
  3251 | D:6      | Gained mutation: You cannot study or cast Poison magic. [Ru sacrifice]
  3251 | D:6      | Gained mutation: You cannot study or cast Hexes magic. [Ru sacrifice]
  3251 | D:6      | Gained mutation: You cannot study or cast Conjurations magic. [Ru sacrifice]
  3251 | D:6      | Reached ** piety under Ru
  3406 | D:5      | Entered Level 5 of the Dungeon
  3413 | D:5      | Found a staircase to the Ecumenical Temple.
  3569 | D:4      | Reached XP level 6. HP: 52/57 MP: 6/6
  3800 | D:4      | Found a shattered altar of Ashenzari.
  3800 | D:4      | Found a glowing golden altar of the Shining One.
  4021 | D:4      | Reached skill level 6 in Stealth
  4409 | D:5      | Found Xuquhiugh's Antique Weapon Emporium.
  4437 | D:5      | Bought a runed scimitar for 120 gold pieces
  4703 | D:5      | Reached XP level 7. HP: 62/66 MP: 7/7
  4870 | D:5      | Found a blossoming altar of Fedhas.
  5033 | D:5      | Reached skill level 5 in Fighting
  5033 | D:5      | Reached skill level 7 in Stealth
  5357 | D:6      | Reached skill level 1 in Shields
  5696 | D:6      | Noticed a troll
  5717 | D:6      | HP: 1/67 [troll (6)]
  5717 | D:6      | Slain by a troll

Vault maps used:
D:1:      mrwooster_arrival_statue, nemelex_altar_shiori
D:2:      marbit_many_paths, ecumenical_altar_1, amalloy_card_club
D:3:      old_standard_altar
D:4:      gammafunk_temple_overflow_wave, nrook_loot_triangle
D:5:      minmay_temple_entry_purple_smoke, serial_shops,
          nicolae_shop_waterfront, first_bread, fedhas_bush_and_centaur_altar

Skill      XL: |  1  2  3  4  5  6  7 |
---------------+----------------------+-----
Stealth        | 2 3 4 5 6 7 |  7.2
Long Blades    | 2 3 4 |  4.8
Fighting       | 4 5 |  5.4
Shields        | 2 |  2.1
Crossbows      | |  1.0
Throwing       | |  1.0
Armour         | |  1.0
Dodging        | |  1.0
Evocations     | |  1.0

Action                   |  1- 3 |  4- 6 |  7- 9 || total
-------------------------+-------+-------+-------++-------
Melee: Falchion          |   106 |   126 |       ||   232
       Scimitar          |       |    35 |    86 ||   121
 Fire: Hunting sling     |       |     8 |       ||     8
Throw: Stone             |       |    31 |     9 ||    40
Invok: Sacrifice Words   |     1 |       |       ||     1
       Sacrifice Arcana  |       |     1 |       ||     1
 Abil: Spit Poison       |    13 |    41 |     9 ||    63
  Use: Scroll            |     3 |     1 |     2 ||     6
 Stab: Sleeping          |     1 |     4 |     3 ||     8
       Distracted        |       |     1 |     3 ||     4
       Invisible         |       |       |     1 ||     1
  Eat: Chunk             |     2 |     8 |     4 ||    14
       Fruit             |       |     1 |       ||     1
       Beef jerky        |       |     1 |       ||     1
